 Dungeon Crawl Stone Soup version 0.17.1-1-g73c8601 (webtiles) character file.

24 ricardofg the Digger (level 3, 10/19 HPs)
             Began as a Gargoyle Earth Elementalist on Apr 20, 2016.
             Quit the game on level 2 of the Dungeon.
             The game lasted 00:04:11 (1340 turns).

ricardofg the Digger (Gargoyle Earth Elementalist)  Turns: 1340, Time: 00:04:11

Health: 10/19      AC:  5    Str: 11    XL:     3   Next: 2%
Magic:  6/6        EV: 12    Int: 16    God:
Gold:   44         SH:  0    Dex: 10    Spells: 3 memorised, 0 levels left

rFire  . . .     SeeInvis +     x - +0 mace
rCold  . . .     Clarity  .     a - +0 robe
rNeg   + . .     SustAt   .     (no shield)
rPois  ∞         Gourm    .     (no helmet)
rElec  +         Spirit   .     (no cloak)
rCorr  .         Warding  .     (no gloves)
rMut   .         Stasis   .     (no boots)
MR     +....                    (no amulet)
Stlth  ++........               e - ring of see invisible
                                k - ring of protection from magic

@: somewhat resistant to hostile enchantments, unstealthy
A: negative energy resistance 1, electricity resistance, unbreathing,
petrification resistance, rot immunity, AC +3
a: no special abilities


You were on level 2 of the Dungeon.
You were not hungry.

You visited 1 branch of the dungeon, and saw 2 of its levels.

You collected 44 gold pieces.

Inventory:

Hand Weapons
 g - a +0 short sword
 i - a +0 club
 m - a +0 spear
 x - a +0 mace (weapon)
Missiles
 b - 79 stones
 q - 2 throwing nets (quivered)
Armour
 a - a +0 robe (worn)
Jewellery
 e - a ring of see invisible (right hand)
 k - a ring of protection from magic (left hand)
 v - a +3 ring of dexterity {unknown}
Scrolls
 f - 2 scrolls of teleportation {unknown}
 j - 2 scrolls of random uselessness {unknown}
 l - a scroll of recharging {unknown}
 n - a scroll of fog {unknown}
 s - 2 scrolls of enchant weapon {unknown}
 u - a scroll of noise {unknown}
 w - a scroll of amnesia {unknown}
Potions
 p - a potion of cure mutation {unknown}
 t - a potion of lignification {unknown}
Books
 c - a book of Geomancy

   Spells                             Type                      Level
   a - Sandblast                      Earth                        1
   b - Stoneskin                      Transmutation/Earth          2
   c - Passwall                       Transmutation/Earth          3
   d - Stone Arrow                    Conjuration/Earth            3
   e - Petrify                        Transmutation/Earth          4
   f - Lee's Rapid Deconstruction     Earth                        5
Comestibles
 d - a bread ration
 o - a meat ration


   Skills:
 + Level 0.1 Polearms
 + Level 1.9 Dodging
 + Level 2.4 Stealth
 + Level 2.2 Spellcasting
 + Level 0.7 Transmutations
 + Level 4.2 Earth Magic


You couldn't memorise any spells.
You knew the following spells:

 Your Spells              Type           Power        Failure   Level  Hunger
a - Sandblast             Erth           ###...       4%          1    #......
b - Stone Arrow           Conj/Erth      #.....       28%         3    ###....
c - Stoneskin             Trmt/Erth      #.......     12%         2    ###....


Dungeon Overview and Level Annotations

Branches:
Dungeon (2/15)

Altars:


Innate Abilities, Weirdness & Mutations

You are resistant to torment.
Your stone body is resilient (AC +3).
You are immune to poison.
You resist negative energy.
You are resistant to electric shocks.
You can survive without breathing.
You are immune to petrification.
You are immune to rotting.


Message History

b - 79 stones (gained 4)
Things that are here:
a short sword; a kobold corpse
j - 2 scrolls labeled MACATE GIJAM (gained 1)
A jackal comes into view.
Eat which item? (? for menu, Esc to quit)
Okay, then.
Read which item? (? for menu, Esc to quit)
You can't read that!
Eat which item? (? for menu, Esc to quit)
That beef jerky was delicious!
Memorise Stone Arrow, consuming 3 spell levels and leaving 2?
You start memorising the spell.
You continue memorising.
You continue memorising. x2
You finish memorising.
Spell assigned to 'b'.
Memorise Stoneskin, consuming 2 spell levels and leaving 0?
You start memorising the spell.
You continue memorising.
You continue memorising.
You finish memorising.
Spell assigned to 'c'.
Are you sure you want to abandon this character and quit the game? (Confirm with "yes".)

...#≈≈≈≈≈ #..##
#.##≈#≈≈#≈≈#..####
..#≈≈≈≈≈≈≈≈#.....#
#.≈≈#≈≈≈#≈≈#.###.#
#.##≈≈≈≈≈≈##.# #.#
...#≈≈#≈≈≈≈..# #)#
...≈##≈≈###..# #.#
..[..≈≈##....# #.#
#(...........# #@#
####.###...#####.#
####.###.#.......#
.......#...#######
.....#.##.##
####.#.##.#
.......##.#
#####..##.#######
#####..##.......#


There were no monsters in sight!

Vanquished Creatures
  A worm (D:2)
  2 hobgoblins
  3 bats
  2 giant cockroaches (D:1)
  4 goblins
  A jackal (D:2)
  7 kobolds
  A rat (D:1)
21 creatures vanquished.

Notes
Turn   | Place    | Note
--------------------------------------------------------------
     0 | D:1      | ricardofg the Gargoyle Earth Elementalist began the quest for the Orb.
     0 | D:1      | Reached XP level 1. HP: 10/10 MP: 3/3
   257 | D:1      | Reached skill level 4 in Earth Magic
   427 | D:1      | Reached XP level 2. HP: 12/15 MP: 5/5
  1318 | D:2      | Reached XP level 3. HP: 8/19 MP: 6/6
  1337 | D:2      | Learned a level 3 spell: Stone Arrow
  1340 | D:2      | Learned a level 2 spell: Stoneskin
  1340 | D:2      | Quit the game

Action                   || total
-------------------------++-------
Melee: Short sword       ||     9
       Spear             ||    60
       Mace              ||    14
 Cast: Sandblast         ||    12
 Stab: Sleeping          ||     3
       Distracted        ||     1
  Eat: Chunk             ||     1
       Beef jerky        ||     1
